 Dungeon Crawl Stone Soup version 0.19-a0-1834-g6b7851e (webtiles) character file.

323 4thArraOfDagon the Ruffian (level 6, -3/53 HPs)
             Began as a Troll Necromancer on Oct 9, 2016.
             Was an Initiate of Ru.
             Killed from afar by an orc wizard (8 damage)
             ... with a puff of frost
             ... on level 5 of the Dungeon.
             The game lasted 00:03:20 (710 turns).

4thArraOfDagon the Ruffian (Troll Necromancer)       Turns: 710, Time: 00:03:21

Health: -3/53      AC:  5    Str: 17    XL:     6   Next: 23%
Magic:  6/6        EV: 10    Int: 13    God:    Ru [......]
Gold:   46         SH:  0    Dex: 10    Spells: 2 memorised, 3 levels left

rFire  . . .     SeeInvis .       - Unarmed
rCold  . . .     Gourm    +     a - +0 robe
rNeg   . . .     Faith    .     (no shield)
rPois  .         Spirit   .     (helmet restricted)
rElec  .         Dismiss  .     (no cloak)
rCorr  +         Reflect  .     (gloves unavailable)
MR     .....     Harm     .     (boots unavailable)
Stlth  +.........               (no amulet)
                                (no ring)
                                h - ring of resist corrosion

@: no status effects
A: unfitting armour, claws 3, fast metabolism 3, gourmand, regeneration 1,
shaggy fur 1, tough skin 2
a: Renounce Religion


You were on level 5 of the Dungeon.
You worshipped Ru.
Ru was noncommittal.
You were very full.

You visited 1 branch of the dungeon, and saw 5 of its levels.

You collected 46 gold pieces.

Inventory:

Armour
 a - a +0 robe (worn)
Jewellery
 h - a ring of resist corrosion (left claw)
Wands
 n - a wand of digging (6/24)
Scrolls
 f - 2 scrolls of remove curse {unknown}
 j - a scroll of recharging {unknown}
Potions
 d - a potion of might
 e - a potion of flight
 g - a potion of agility
 i - a potion of magic {unknown}
 l - a potion of curing {unknown}
 m - a potion of degeneration {unknown}
Books
 b - a book of Necromancy

   Spells                             Type                      Level
   a - Pain                           Necromancy                   1
   b - Animate Skeleton               Necromancy                   1
   c - Vampiric Draining              Necromancy                   3
   d - Regeneration                   Charms/Necromancy            3
   e - Animate Dead                   Necromancy                   4
   f - Control Undead                 Necromancy                   4
Comestibles
 c - 4 bread rations
 k - 2 meat rations


   Skills:
 - Level 1.5 Dodging
 - Level 1.0 Stealth
 * Level 6.2 Unarmed Combat
 - Level 1.2 Spellcasting
 - Level 3.2 Necromancy


You had 3 spell levels left.
You knew the following spells:

 Your Spells              Type           Power        Failure   Level  Hunger
a - Pain                  Necr           #...         10%         1    ##.....
b - Regeneration          Chrm/Necr      #.........   52%         3    ####...


Dungeon Overview and Level Annotations

Branches:
Dungeon (5/15)
 Temple: D:4-7

Altars:
Nemelex Xobeh
Ru
Zin

Shops:
D:4 [


Innate Abilities, Weirdness & Mutations

You are too large for most types of armour.
You have claws for hands.
Your metabolism is lightning-fast.
You like to eat raw meat.
Your natural rate of healing is unusually fast.
You are covered in fur. (AC +1)
You have very tough skin. (AC +2)


Message History

The orc wizard hits you but does no damage.
You barely miss the orc wizard.
The orc wizard is heavily wounded.
The orc wizard points at you and mumbles some strange words.
The puff of frost hits you! The orc wizard hits you with a dagger.
* * * LOW HITPOINT WARNING * * *
You are too injured to fight recklessly!
You are too injured to fight recklessly!
You scratch the orc wizard.
The orc wizard is severely wounded.
The orc wizard completely misses you.
Unknown command.
You scratch the orc wizard.
The orc wizard is almost dead.
The orc wizard casts a spell at you. The puff of frost hits you!
* * * LOW HITPOINT WARNING * * *
The orc wizard points at you and mumbles some strange words.
The puff of frost hits you!
You die...

#......### ##........# ..##
#.........# #..# #...<.....#
..## ##.......... #..#
#...........
##..###........%..
#....##...........
#@#..##........... # ...T.##
###o............... .
......#####....###...........
.# .......#o...####
#...........
..##.........####
#..........# ..#.........#
#..........# #...........##
#........### #............##
#.....#.## #..##...o.....#
#.#####..#


You could see an orc wizard.

Vanquished Creatures
  Purgy (D:4)
  A phantom (D:4)
  A centaur zombie (D:4)
  2 orc wizards (D:4)
  3 adders
  An ooze (D:2)
  5 orcs
  4 hobgoblins
  3 kobolds
  A ball python (D:1)
  3 bats
  4 rats (D:2)
29 creatures vanquished.

Notes
Turn   | Place    | Note
-------+----------+-------------------------------------------
     0 | D:1      | 4thArraOfDagon the Troll Necromancer began the quest for the Orb.
     0 | D:1      | Reached XP level 1. HP: 16/16 MP: 1/1
    56 | D:1      | Reached skill level 1 in Unarmed Combat
    98 | D:2      | Found a sacrificial altar of Ru.
   100 | D:2      | Found a sparkling altar of Nemelex Xobeh.
   111 | D:2      | Found a glowing silver altar of Zin.
   138 | D:2      | Became a worshipper of Ru the Awakened
   155 | D:2      | Reached skill level 2 in Unarmed Combat
   155 | D:2      | Reached XP level 2. HP: 10/24 MP: 2/2
   327 | D:3      | Reached XP level 3. HP: 31/31 MP: 3/3
   419 | D:4      | Reached skill level 3 in Unarmed Combat
   431 | D:4      | Reached XP level 4. HP: 8/39 MP: 4/4
   436 | D:4      | Learned a level 3 spell: Regeneration
   460 | D:4      | Found Yrcheir's Antique Armour Emporium.
   498 | D:5      | Entered Level 5 of the Dungeon
   503 | D:5      | Noticed a phantom
   505 | D:5      | Noticed a troll
   541 | D:4      | Killed a phantom
   541 | D:4      | Reached skill level 4 in Unarmed Combat
   541 | D:4      | Reached XP level 5. HP: 24/45 MP: 5/5
   569 | D:4      | Reached skill level 5 in Unarmed Combat
   599 | D:4      | Noticed Purgy
   632 | D:4      | Killed Purgy
   632 | D:4      | Reached skill level 6 in Unarmed Combat
   632 | D:4      | Reached XP level 6. HP: 30/53 MP: 6/6
   710 | D:5      | Killed from afar by an orc wizard

Vault maps used:
D:1:      minmay_arrival_three_doors
D:2:      grunt_temple_overflow_open, kennysheep_potato
D:3:      ecumenical_altar_1, minmay_tree_intersection
D:4:      serial_shops, kennysheep_mini_moat, serial_undead, serial_undead_e,
          serial_undead_e, serial_undead_e, serial_undead_e, tgw_kikubaaqudgha,
          uniq_grinder, uniq_purgy
D:5:      cheibrodos_iron_armory, first_bread

Skill      XL: |  1  2  3  4  5 |
---------------+----------------+-----
Unarmed Combat | 2 3 4 6 |  6.2
Dodging        | |  1.5
Stealth        | |  1.0
Spellcasting   | |  1.2
Necromancy     | |  3.2

Action                   |  1- 3 |  4- 6 || total
-------------------------+-------+-------++-------
Melee: Unarmed           |    59 |    56 ||   115
       Punch             |       |     1 ||     1
  Use: Scroll            |       |     3 ||     3
 Stab: Sleeping          |     1 |       ||     1
  Eat: Chunk             |     9 |     2 ||    11
Armor: Robe              |    33 |    17 ||    50
Dodge: Dodged            |    29 |    20 ||    49
